cohdb
Replays
Latest Replays
All Replays
Popular Replays
Top Player Replays
Match Explorer
How It Works
Community
CoH3 Stats
Reddit
Sign in to upload your games and track your stats! →
Sign in with Steam
Match 40163323
Unlisted
Match 40163323
Overview
Messages
Build Orders
End
Construct Section Command Post
Selects Australian Defense Battlegroup
Infantry Section
ML 3-inch Mortar Team
Selects Australian Light Infantry Section
Australian Light Infantry Section
Australian Light Infantry Section
Selects 2-pounder Anti-tank Gun Team
2-pounder Anti-tank Gun Team
Construct Platoon Command Post
CMP 15cwt Truck
Infantry Training
Selects CMP 15cwt Supply Run
Construct Company Command Post
Selects Reinforced Resource Caches
Royal Engineer Section
Matilda II Heavy Tank
Selects Archer Tank Destroyer
Archer Tank Destroyer
Armored Vehicle Training
Particycles
banksss33
。。。
MindfulRaptor
这游戏太难了
nispe
0
0
Comments
sign in to comment!
No comments posted yet!